 Dungeon Sprint DCSS version 0.20-a0-959-gdc9e609 (webtiles) character file.

879 Penishole the Markscentaur (level 7, -1/72 HPs)
             Began as a Centaur Hunter on Apr 6, 2017.
             Was a Believer of Okawaru.
             Slain by a cyclops (25 damage)
             ... in the Dungeon (Sprint IX: "|||||||||||||||||||||||||||||").
             The game lasted 00:05:11 (912 turns).

Penishole the Markscentaur (Centaur Hunter)          Turns: 912, Time: 00:05:12

Health: -1/72      AC: 10    Str: 17    XL:     7   Next: 75%
Magic:  7/7        EV:  7    Int: 13    God:    Okawaru [**....]
Gold:   0          SH:  0    Dex:  9    Spells: 6/6 levels left

rFire    . . .     SeeInvis .   b - +4 quarterstaff (speed)
rCold    . . .     Gourm    .   (shield currently unavailable)
rNeg     . . .     Faith    .   A - +1 chain mail
rPois    .         Spirit   .   y - +0 helmet
rElec    .         Reflect  .   z - +0 cloak
rCorr    .         Harm     .   (no gloves)
MR       .....     NoTele   +   (no barding)
Stlth    ..........             (no amulet)
Regen    0.3/turn               B - +3 ring of intelligence
MPRegen  0.1/turn               C - +2 ring of evasion

@: very quick
A: hooves 3, deformed body, speed 2, tough skin 3
a: Heroism, Renounce Religion


You were in the Dungeon.
You worshipped Okawaru.
Okawaru was pleased with you.
You were not hungry.

You visited 1 branch

Inventory:

Hand Weapons
 a - a +1 shortbow
 b - a +4 quarterstaff of speed (weapon)
Armour
 y - a +0 helmet (worn)
 z - a +0 cloak (worn)
 A - a +1 chain mail (worn)
Magical Staves
 r - an uncursed staff of energy
Jewellery
 B - a +3 ring of intelligence (left hand)
 C - a +2 ring of evasion (right hand)
Wands
 q - a wand of lightning (7/15)
Scrolls
 k - 2 scrolls of blinking
 o - 3 scrolls of remove curse
 p - 2 scrolls of amnesia
Potions
 e - 4 potions of curing
 g - 2 potions of heal wounds
 h - a potion of haste
 i - 4 potions of magic
 j - a potion of berserk rage
 n - a potion of invisibility
Comestibles
 f - a bread ration


   Skills:
 + Level 10.1 Fighting
 * Level 17.4 Bows
 - Level 1.3 Dodging
 - Level 0.4 Stealth


You had 6 spell levels left.
You didn't know any spells.

Dungeon Overview and Level Annotations

Branches:
Dungeon (1/1)

Altars:
Cheibriados
Dithmenos
Elyvilon
Fedhas
Gozag
Hepliaklqana
Kikubaaqudgha
Makhleb
Nemelex Xobeh
Okawaru
Qazlal
Ru
Sif Muna
Trog
Uskayaw
Vehumet
Wu Jian
Xom
Yredelemnul
Zin
The Shining One
Beogh
Jiyva
Lugonu


Innate Abilities, Weirdness & Mutations

You have hooves in place of feet.
Armour fits poorly on your strangely shaped body.
You cover ground very quickly.
You have extremely tough skin. (AC +3)


Message History

The cyclops is severely wounded.
The cyclops hits you but does no damage.
You sock the cyclops! You kick the cyclops, but do no damage.
The cyclops is almost dead.
You sock the cyclops!
You kill the cyclops!
Okawaru is honoured by your kill.
Your Fighting skill gained 2 levels and is now at level 10!
Your Bows skill gained 2 levels and is now at level 17!
You have reached level 7!
The cyclops throws a large rock.
The large rock hits you.
* * * LOW HITPOINT WARNING * * *
Things that are here:
a dagger; 4 stones You sock the cyclops!
You kick the cyclops, but do no damage.
The cyclops is lightly wounded.
You hit the cyclops. Your kick misses the cyclops.
The cyclops is moderately wounded.
The cyclops hits you!!
You die... ▓▓▓▓▓▓▓▓▓▓▓▓▓▓▓▓▓▓▓▓▓▓▓ _____'....)'.CaC@(...<▓ ▓▓▓▓▓▓▓▓▓▓▓▓▓▓▓▓▓▓▓▓▓▓▓

You could see 2 cyclopes and a worker ant.

Vanquished Creatures
  A cyclops (D)
  A yak (D)
  A soldier ant (D)
  An ogre (D)
  A crocodile (D)
  A scorpion (D)
  An orc wizard (D)
  An adder (D)
  An adder zombie (D)
  2 orcs (D)
  A giant cockroach (D)
  A goblin (D)
  A hobgoblin (D)
  A kobold (D)
  A bat (D)
  A frilled lizard (D)
  A giant cockroach zombie (D)
18 creatures vanquished.

Notes
Turn   | Place    | Note
-------+----------+-------------------------------------------
     0 | D        | Penishole the Centaur Hunter began the quest for the Orb.
     0 | D        | Reached XP level 1. HP: 17/17 MP: 1/1
     9 | D        | Reached skill level 6 in Bows
   238 | D        | Reached XP level 2. HP: 25/25 MP: 2/2
   243 | D        | Reached skill level 7 in Bows
   290 | D        | Found a roughly hewn altar of Beogh.
   290 | D        | Found a snail-covered altar of Cheibriados.
   290 | D        | Found a shadowy altar of Dithmenos.
   290 | D        | Found a white marble altar of Elyvilon.
   290 | D        | Found a blossoming altar of Fedhas.
   290 | D        | Found an opulent altar of Gozag.
   293 | D        | Found a hazy altar of Hepliaklqana.
   294 | D        | Found a viscous altar of Jiyva.
   295 | D        | Found an ancient bone altar of Kikubaaqudgha.
   296 | D        | Found a corrupted altar of Lugonu.
   297 | D        | Found a burning altar of Makhleb.
   298 | D        | Found a sparkling altar of Nemelex Xobeh.
   299 | D        | Found an iron altar of Okawaru.
   300 | D        | Found a stormy altar of Qazlal.
   301 | D        | Found a sacrificial altar of Ru.
   302 | D        | Found a deep blue altar of Sif Muna.
   303 | D        | Found a bloodstained altar of Trog.
   304 | D        | Found a hide-covered altar of Uskayaw.
   305 | D        | Found a radiant altar of Vehumet.
   306 | D        | Found an ornate altar of the Wu Jian Council.
   307 | D        | Became a worshipper of Warmaster Okawaru
   308 | D        | Found a shimmering altar of Xom.
   309 | D        | Found a basalt altar of Yredelemnul.
   310 | D        | Found a glowing silver altar of Zin.
   311 | D        | Found a glowing golden altar of the Shining One.
   371 | D        | Noticed a yak
   371 | D        | Noticed a crocodile
   371 | D        | Noticed an ogre
   371 | D        | Noticed a scorpion
   387 | D        | Killed a scorpion
   387 | D        | Reached skill level 9 in Bows
   387 | D        | Reached XP level 3. HP: 34/34 MP: 3/3
   400 | D        | Killed an ogre
   400 | D        | Reached * piety under Okawaru
   400 | D        | Reached skill level 11 in Bows
   400 | D        | Reached XP level 4. HP: 44/44 MP: 4/4
   400 | D        | Reached XP level 5. HP: 50/50 MP: 5/5
   425 | D        | Reached skill level 12 in Bows
   430 | D        | Killed a crocodile
   430 | D        | Reached skill level 13 in Bows
   463 | D        | Killed a yak
   463 | D        | Reached ** piety under Okawaru
   463 | D        | Reached skill level 14 in Bows
   463 | D        | Reached XP level 6. HP: 18/62 MP: 6/6
   467 | D        | Reached skill level 15 in Bows
   795 | D        | Noticed a cyclops
   795 | D        | Noticed a cyclops
   795 | D        | Noticed a cyclops
   795 | D        | Noticed a soldier ant
   826 | D        | Killed a soldier ant
   847 | D        | HP: 3/62 [cyclops/large rock (15)]
   909 | D        | Killed a cyclops
   909 | D        | Reached skill level 10 in Fighting
   909 | D        | Reached skill level 17 in Bows
   909 | D        | Reached XP level 7. HP: 29/72 MP: 7/7
   912 | D        | Slain by a cyclops

Vault maps used:
D:        linesprint

Skill      XL: |  1  2  3  4  5  6 |
---------------+-------------------+-----
Bows           | 6 9 11 14 17 | 17.4
Fighting       | 4 6 8 10 | 10.1
Dodging        | |  1.3
Stealth        | |  0.4

Action                   |  1- 3 |  4- 6 |  7- 9 || total
-------------------------+-------+-------+-------++-------
Melee: Short sword       |    20 |       |       ||    20
       Kick              |     4 |     9 |     1 ||    14
       Quarterstaff      |       |    23 |     2 ||    25
 Fire: Shortbow          |    22 |    25 |       ||    47
Throw: Tomahawk          |       |     6 |       ||     6
  Use: Potion            |       |     2 |       ||     2
Armor: Leather armour    |    12 |       |       ||    12
       Chain mail        |       |     9 |       ||     9
Dodge: Dodged            |    12 |     7 |       ||    19
